 Dungeon Crawl Stone Soup version 0.17.2-1-ge4368a0 (webtiles) character file.

4 Goblin1989 the Vexing (level 1, -4/13 HPs)
             Began as a Human Enchanter on Apr 24, 2017.
             Slain by a hobgoblin
             ... wielding a +0 club
             ... led by Robin
              (5 damage)
             ... on level 3 of the Dungeon.
             The game lasted 00:01:17 (95 turns).

Goblin1989 the Vexing (Human Enchanter)               Turns: 95, Time: 00:01:17

Health: -4/13      AC:  3    Str:  8    XL:     1   Next: 66%
Magic:  3/3        EV:  7    Int: 15    God:
Gold:   19         SH:  0    Dex: 13    Spells: 1 memorised, 3 levels left

rFire  . . .     SeeInvis .     a - +1 dagger
rCold  . . .     Clarity  .     b - +1 robe
rNeg   . . .     SustAt   .     (no shield)
rPois  .         Gourm    .     (no helmet)
rElec  .         Spirit   .     (no cloak)
rCorr  .         Warding  .     (no gloves)
rMut   .         Stasis   .     (no boots)
MR     .....                    (no amulet)
Stlth  ++........               (no ring)
                                (no ring)

@: not resistant to hostile enchantments, unstealthy
A: no striking features
a: no special abilities


You were on level 3 of the Dungeon.
You were not hungry.

You visited 1 branch of the dungeon, and saw 3 of its levels.

You collected 19 gold pieces.

Inventory:

Hand Weapons
 a - a +1 dagger (weapon)
Armour
 b - a +1 robe (worn)
Potions
 d - a potion of might {unknown}
Books
 c - a book of Maledictions

   Spells                             Type                      Level
   a - Corona                         Hexes                        1
   b - Ensorcelled Hibernation        Hexes/Ice                    2
   c - Confuse                        Hexes                        3
   d - Tukima's Dance                 Hexes                        3
   e - Dazzling Spray                 Conjuration/Hexes            3
Comestibles
 e - 2 bread rations {@e1}


   Skills:
 + Level 1.6 Short Blades
 - Level 2.0 Dodging
 - Level 3.0 Stealth
 - Level 2.0 Spellcasting
 - Level 3.0 Hexes


You had 3 spell levels left.
You knew the following spells:

 Your Spells              Type           Power        Failure   Level  Hunger
a - Corona                Hex            ##.....      8%          1    #......


Dungeon Overview and Level Annotations

Branches:
Dungeon (3/15)

Altars:

Annotations:
D:3 Robin


Message History

You see here 10 gold pieces.
You now have 19 gold pieces (gained 10).
The bat hits you but does no damage.
You miss the bat. The bat closely misses you. The bat completely misses you.
The bat hits you but does no damage.
You hit the bat.
You kill the bat!
The bat misses you. The bat barely misses you.
You hit the bat.
You kill the bat!
The bat closely misses you.
You barely miss the bat. The bat misses you. The bat barely misses you.
You see here a bat corpse.
You hit the bat.
The bat is moderately wounded.
The bat hits you but does no damage.
A giant newt comes into view.
The bat misses you. The bat hits you.
You take 1 damage, and have 12/13 hp.
The bat hits you but does no damage.
You barely miss the bat.
The bat is moderately wounded.
The bat hits you but does no damage.
You hit the bat but do no damage.
The bat is moderately wounded.
The bat hits you but does no damage.
You open the door. The bat closely misses you.
You closely miss the bat.
The bat is moderately wounded.
The bat hits you but does no damage. x2
You hit the giant newt.
The giant newt is moderately wounded.
The bat closely misses you. The giant newt bites you.
You take 1 damage, and have 11/13 hp.
You hit the bat.
You kill the bat!
The giant newt closely misses you.
Unknown command.
You closely miss the giant newt.
The giant newt is moderately wounded.
The giant newt bites you.
You take 3 damage, and have 8/13 hp.
MASSIVE DAMAGE!!
You hit the giant newt.
You kill the giant newt!
There is an open door here.
Found a stone staircase leading down.
A rat comes into view.
A bat comes into view.
You hit the rat.
The rat is heavily wounded.
The rat completely misses you.
You hit the rat.
You kill the rat!
You see here a rat corpse.
A hobgoblin comes into view. It is wielding a club.
You see here a grey potion.
d - a grey potion The hobgoblin shouts!
A goblin comes into view. It is wielding a dagger.
The bat closely misses you.
You barely miss the bat. The bat closely misses you.
You barely miss the bat. The bat hits you but does no damage.
You miss the bat. The bat hits you but does no damage.
The bat hits you but does no damage. The bat closely misses you.
The hobgoblin hits you with a club.
* * * LOW HITPOINT WARNING * * *
A hobgoblin comes into view. It is wielding a club.
You take 4 damage, and have 5/13 hp.
MASSIVE DAMAGE!!
The bat misses you. The bat closely misses you. The bat closely misses you.
There is a stone staircase leading down here.
The bat hits you but does no damage.
The hobgoblin hits you but does no damage.
You climb downwards.
A goblin and 2 kobolds come into view.
Found a stone staircase leading down.
There is a stone staircase leading up here.
The kobold throws a stone.
The stone hits you but does no damage.
There is a stone staircase leading down here.
You see here a stone.
The hobgoblin barely misses you.
The kobold throws a stone.
The stone hits you but does no damage.
You climb downwards. 7 goblins, 3 hobgoblins and Robin come into view.
The goblin shouts!
The hobgoblin shouts!
The goblin shouts!
The goblin shouts!
The goblin shouts!
The hobgoblin shouts!
The goblin shouts!
The goblin shouts!
Robin shouts!
The hobgoblin shouts!
The goblin shouts!
There is a stone staircase leading up here.
You hear a shout!
The hobgoblin barely misses you. The goblin hits you with a dagger.
* * * LOW HITPOINT WARNING * * *
Robin roars a battlecry!
The goblins go into a battle-frenzy!
The goblin hits you.
* * * LOW HITPOINT WARNING * * *
The hobgoblin hits you with a club.
You die... ████

██...██
██.....██
█.......█
█..(....█
..!....█
█gg...███
█@..g....
█gggg...██
█.g.g...█
█....g..█
.█..g.g█..
..██......█
.. .█.████
... .=.█


You could see Robin, 4 hobgoblins and 7 goblins.

Vanquished Creatures
  3 bats (D:1)
  A giant newt (D:1)
  A rat (D:1)
5 creatures vanquished.

Notes
Turn   | Place    | Note
--------------------------------------------------------------
     0 | D:1      | Goblin1989 the Human Enchanter began the quest for the Orb.
     0 | D:1      | Reached XP level 1. HP: 13/13 MP: 3/3
    94 | D:3      | Noticed Robin
    95 | D:3      | Slain by a hobgoblin

Action                   || total
-------------------------++-------
Melee: Dagger            ||    17

Vault maps used:
D:1:      dpeg_arrival_rooms_a
D:2:      minmay_misc_feat_chi
D:3:      old_standard_altar, hangedman_decor_push, uniq_grinder, uniq_robin,
          uniq_jessica
